 Dungeon Crawl Stone Soup version 0.17-a0-755-g4391640 (webtiles) character file.

96 masdan the Skirmisher (level 4, 0/41 HPs)
             Began as a Hill Orc Abyssal Knight on Apr 22, 2015.
             Was a Believer of Lugonu.
             Slain by an adder (2 damage)
             ... on level 3 of the Dungeon.
             The game lasted 00:18:37 (3059 turns).

masdan the Skirmisher (Hill Orc Abyssal Knight)     Turns: 3059, Time: 00:18:37

Health: 0/41       AC:  8    Str: 15    XL:     4   Next: 67%
Magic:  5/6        EV:  9    Int: 12    God:    Lugonu [**....]
Gold:   96         SH:  0    Dex: 10    Spells: 0 memorised, 3 levels left

rFire  . . .     SeeInvis .     a - +1 falchion
rCold  . . .     Clarity  .     D - +1 scale mail
rNeg   . . .     SustAb   .     (no shield)
rPois  .         Gourm    .     (no helmet)
rElec  .         Spirit   .     (no cloak)
rCorr  .         Warding  .     (no gloves)
rMut   .         Stasis   .     y - +0 pair of boots
MR     .....                    (no amulet)
Stlth  ..........               (no ring)
                                (no ring)

@: not resistant to hostile enchantments, extremely unstealthy
A: no striking features
a: Depart the Abyss, Bend Space, Renounce Religion


You were on level 3 of the Dungeon.
You worshipped Lugonu.
Lugonu was pleased with you.
You were not hungry.

You visited 1 branch of the dungeon, and saw 3 of its levels.
You visited the Abyss 1 time.

You collected 96 gold pieces.

Inventory:

Hand weapons
 a - a +1 falchion (weapon)
 d - a +0 whip
 e - a +0 hand axe
 q - a +0 dagger
 t - a +0 dagger
 u - a +0 short sword
 v - a +1 dagger of speed
 w - a +0 spear
 x - a +0 short sword
 z - a +0 short sword
 C - a +2 dagger of electrocution
 F - a +0 hunting sling
Missiles
 m - 8 tomahawks (quivered)
 n - 88 stones
 B - 16 bolts
Armour
 b - a +1 leather armour
 f - a +0 leather armour
 g - a +0 leather armour
 y - a +0 pair of boots (worn)
 A - a +0 leather armour
 D - a +1 scale mail (worn)
Scrolls
 h - a scroll of enchant armour
 j - a scroll of identify
Potions
 l - 2 potions of curing {unknown}
 s - a potion of heal wounds {unknown}
Comestibles
 c - 3 chunks of flesh
 i - a meat ration
 E - a bread ration


   Skills:
 + Level 4.4 Fighting
 * Level 3.5 Long Blades
 * Level 3.1 Armour
 - Level 0.7 Dodging
 * Level 3.2 Invocations


You had 3 spell levels left.
You didn't know any spells.

Dungeon Overview and Level Annotations

Branches:
Dungeon (3/15)

Altars:
Makhleb
Vehumet


Message History

The gnoll hits you with a flail. The gnoll hits you but does no damage.
You closely miss the gnoll.
The gnoll is moderately wounded.
The gnoll closely misses you. The gnoll barely misses you.
Found a helmet.
Found a stone staircase leading down.
Found a scroll of recharging.
An adder comes into view.
Found a ring mail.
The adder bites you but does no damage. The gnoll closely misses you.
The adder bites you but does no damage. The gnoll hits you with a flail.
The gnoll hits you with a flail!
* * * LOW HITPOINT WARNING * * *
Use which ability? (? or * to list) Space bends around you!
You blink.
* * * LOW HITPOINT WARNING * * *
You feel slightly more hungry. The adder barely misses you.
The adder bites you.
You die...

############
#.S@........
#.######.#.# #.# .# .
###g### .# #
###.##..g..# .#.#
....##.....####.#.###
....#......g..?[.....
#..#......#.......###
####...$.............[..


You could see an adder.

Vanquished Creatures
  A gnoll (D:3)
  4 adders (D:2)
  An ooze (D:1)
  A worm (D:3)
  A giant gecko (D:2)
  An orc (D:3)
  6 bats
  A giant cockroach (D:1)
  8 hobgoblins
  3 jackals (D:3)
  A ball python (D:2)
  6 giant newts
  4 goblins
  5 kobolds
  4 rats
47 creatures vanquished.

Notes
Turn   | Place    | Note
--------------------------------------------------------------
     0 | Abyss:1  | masdan, the Hill Orc Abyssal Knight, began the quest for the Orb.
     0 | Abyss:1  | Reached XP level 1. HP: 19/19 MP: 2/2
     1 | D:1      | Escaped the Abyss
   438 | D:1      | Acquired Lugonu's first power
   461 | D:1      | Reached XP level 2. HP: 25/27 MP: 4/4
   555 | D:1      | Reached skill level 4 in Fighting
   821 | D:1      | Reached XP level 3. HP: 31/33 MP: 5/5
  2073 | D:2      | Reached XP level 4. HP: 30/40 MP: 6/6
  2632 | D:2      | Found a burning altar of Makhleb.
  2632 | D:2      | Found a radiant altar of Vehumet.
  2642 | D:2      | Acquired Lugonu's second power
  3052 | D:3      | HP: 1/41 [spatial distortion (4)]
  3059 | D:3      | Slain by an adder

Action                   |  1- 3 |  4- 6 || total
-------------------------+-------+-------++-------
Melee: Falchion          |   116 |    53 ||   169
Invok: Depart the Abyss  |     1 |       ||     1
       Bend Space        |       |     1 ||     1
  Use: Scroll            |       |     8 ||     8
  Eat: Bread ration      |     1 |     1 ||     2
